 Dungeon Crawl Stone Soup version 0.31.0-12-g77e489cdc1 (webtiles) character file.

Game seed: 2258039900910973877

786 Gadfly the Sneak (level 7, -5/35 HPs)
             Began as a Spriggan Enchanter on Feb 18, 2024.
             Slain by an elf zombie (7 damage)
             ... in an ossuary.
             The game lasted 00:10:35 (4828 turns).

Gadfly the Sneak (Spriggan Enchanter)               Turns: 4828, Time: 00:10:36

Health: -5/35      AC:  2    Str:  4    XL:     7   Next: 56%
Magic:  3/14       EV: 19    Int: 17    God:
Gold:   157        SH:  0    Dex: 17    Spells: 7/15 levels left

rFire   . . .        b - +1 short sword (drain)
rCold   . . .        (no shield)
rNeg    . . .        o - +0 animal skin
rPois   .            (helmet restricted)
rElec   .            (no cloak)
rCorr   .            (gloves unavailable)
SInv    +            (boots unavailable)
Will    +....        (no amulet)
Stlth   ++++         (no ring)
HPRegen 0.25/turn    (no ring)
MPRegen 0.14/turn

%: no passive effects
@: confusing by touch, marked, very quick
A: very small, no large weapons, unfitting armour, see invisible, speed 3
a: no special abilities


You were in an ossuary.
You visited 2 branches of the dungeon, and saw 6 of its levels.
You also visited: Ossuary.

You collected 157 gold pieces.

Inventory:

Hand Weapons
 a - a +1 dagger
 b - a +1 short sword of draining (weapon)
Armour
 o - a +0 animal skin (worn)
Wands
 l - a wand of flame (17)
 n - a wand of mindburst (6)
Scrolls
 e - a scroll of identify
 h - a scroll of teleportation
 i - a scroll of enchant weapon
Potions
 c - 2 potions of invisibility
 d - a potion of lignification
 f - a potion of enlightenment
 j - 2 potions of curing
 k - a potion of attraction
 m - 2 potions of berserk rage


   Skills:
 + Level 2.6 Fighting
 + Level 3.6 Short Blades
 + Level 4.7 Dodging
 + Level 6.8 Stealth
 + Level 4.5 Spellcasting
 + Level 5.1 Hexes
 + Level 3.5 Evocations


You had 7 spell levels left.
You knew the following spells:

 Your Spells              Type           Power      Damage    Failure   Level
a - Ensorcelled Hibernat  Hex/Ice        24%        N/A       8%          2
b - Confusing Touch       Hex            21%        N/A       5%          3
c - Swiftness             Air            3%         N/A       41%         3

Your spell library contained the following spells:

 Spells                   Type           Power      Damage    Failure   Level
 Tukima's Dance           Hex            21%        N/A       5%          3
 Dazzling Flash           Conj/Hex       24%        N/A       16%         3
 Passwall                 Erth           3%         N/A       41%         3


Dungeon Overview and Level Annotations

Branches:
Dungeon (5/15)             Temple (1/1) D:5         Ossuary (1/1)

Altars:
Ashenzari
Dithmenos
Fedhas
Hepliaklqana
Kikubaaqudgha
Nemelex Xobeh
Okawaru
Sif Muna
Trog
Uskayaw
Vehumet
Xom

Shops:
D:3 [


Innate Abilities, Weirdness & Mutations

You are very small and have problems with some larger weapons.
You are too small for most types of armour.
You have supernaturally acute eyesight. (SInv)
You cover ground extremely quickly. (Speed+++)


Message History

The elf zombie is almost destroyed.
The jackal zombie bites you but does no damage.
The elf zombie hits you.
* * * LOW HITPOINT WARNING * * *
The orc zombie hits you but does no damage.
The mummy hits you but does no damage.
Okay, then.
Casting: Confusing Touch (dangerous; 5% risk of failure)
Confirm with . or Enter, or press ? or * to list all spells.
You don't know that spell.
Unknown command.
You hit the elf zombie.
The elf zombie is almost destroyed.
The hound zombie seems less confused.
The jackal zombie bites you but does no damage.
The adder zombie bites you but does no damage.
The elf zombie hits you but does no damage.
You hit the elf zombie.
The elf zombie is almost destroyed.
The jackal zombie barely misses you.
The orc zombie hits you but does no damage.
The adder zombie bites you but does no damage.
The mummy hits you but does no damage.
You hit the elf zombie.
The elf zombie is almost destroyed.
The jackal zombie bites you but does no damage.
The adder zombie bites you but does no damage.
The elf zombie hits you.
* * * LOW HITPOINT WARNING * * *
The orc zombie hits you but does no damage.
Casting: Confusing Touch (dangerous; 5% risk of failure)
Confirm with . or Enter, or press ? or * to list all spells.
Your branches begin to glow red.
You feel less wooden.
Your +0 animal skin unmelds from your body.
The jackal zombie completely misses you.
The adder zombie barely misses you. The mummy hits you.
* * * LOW HITPOINT WARNING * * *
The elf zombie hits you!
You die... #...##############.. #...# #.. #...# #.. #...####+.... #Z. #...#.....∩.# #.. #...# ......# #.. #..Z# .....# #.. #ZZZ# Z...### #.. #ZZ@# ..... #.. #ZMZ# #..# #Z. #MZZ#

#.Z# #.. #.ZZ# #..#
#..
#...######..######Z.
#..........MZ....Z..
#........8..8.......
#..............Z....
#...................


You could see 2 mummies, 2 adder zombies, a jackal zombie, 2 hound zombies, 3
gnoll zombies, a kobold zombie, 2 orc zombies and an elf zombie.

Vanquished Creatures
  Menkaure (D:4)
  An ogre (D:4)
  Blork the orc (D:4)
  A scorpion (D:5)
  2 centaur zombies (Ossuary)
  A hound (D:5)
  A human zombie (Ossuary)
  An iguana (D:5)
  Natasha (D:4)
  3 hound zombies (Ossuary)
  Robin (D:4)
  4 adders
  8 gnolls
  A white imp (D:5)
  2 adder zombies (Ossuary)
  A ribbon worm (D:2)
  6 endoplasms
  3 giant cockroaches (D:1)
  2 gnoll zombies (Ossuary)
  15 goblins
  7 hobgoblins
  6 jackals
  3 quokkas
  5 ball pythons
  5 bats
  4 frilled lizards
  7 jackal zombies (Ossuary)
  6 kobolds
  4 kobold zombies (Ossuary)
  3 orc zombies (Ossuary)
  2 rats (D:3)
108 creatures vanquished.

Notes
Turn   | Place    | Note
-------+----------+-------------------------------------------
     0 | D:1      | Gadfly the Spriggan Enchanter began the quest for the Orb.
     0 | D:1      | Reached XP level 1. HP: 9/9 MP: 5/5
   381 | D:1      | Reached XP level 2. HP: 13/13 MP: 6/6
   408 | D:1      | Learned a level 2 spell: Ensorcelled Hibernation
   963 | D:2      | Reached skill level 1 in Evocations
   963 | D:2      | Reached XP level 3. HP: 17/17 MP: 5/8
  1047 | D:2      | Reached skill level 1 in Fighting
  1078 | D:2      | Reached skill level 5 in Stealth
  1183 | D:2      | Reached XP level 4. HP: 22/22 MP: 6/9
  1187 | D:2      | Learned a level 3 spell: Confusing Touch
  1198 | D:2      | Learned a level 3 spell: Swiftness
  1600 | D:2      | Found a faded altar of an unknown god.
  2225 | D:3      | Found Uxoxut's Armour Boutique.
  2298 | D:3      | Found a shadowy altar of Dithmenos.
  3002 | D:4      | Noticed Menkaure
  3008 | D:4      | Killed Menkaure
  3009 | D:4      | Reached XP level 5. HP: 26/26 MP: 11/11
  3021 | D:4      | Noticed an ogre
  3026 | D:4      | Killed an ogre
  3027 | D:4      | Reached skill level 6 in Stealth
  3027 | D:4      | Reached XP level 6. HP: 30/30 MP: 12/12
  3152 | D:4      | Noticed Robin
  3564 | D:4      | Killed Robin
  3688 | D:4      | Noticed Natasha
  3700 | D:4      | Killed Natasha
  3734 | D:4      | Noticed Blork the orc
  3741 | D:4      | Killed Blork the orc
  3933 | D:5      | Entered Level 5 of the Dungeon
  3971 | D:5      | Reached XP level 7. HP: 30/35 MP: 9/14
  4125 | D:5      | Found a shimmering altar of Xom.
  4160 | D:5      | Reached skill level 5 in Hexes
  4162 | D:5      | Found a staircase to the Ecumenical Temple.
  4171 | Temple   | Entered the Ecumenical Temple
  4176 | D:5      | Found a sand-covered staircase.
  4184 | Ossuary  | Entered an ossuary
  4828 | Ossuary  | Slain by an elf zombie

Illustrated notes

Levels and vault maps discovered:
D:1:      dpeg_arrival_chambers_temple_mockup, layout_basic, minmay_liquid_box
D:2:      layout_basic, hellmonk_ecumenical_altar_arch_garden
D:3:      layout_loops_corners, nicolae_dithmenos_the_darkroom, serial_shops,
          nicolae_shop_tiny_glass
D:4:      layout_rooms, uniq_natasha, uniq_blork_the_orc, uniq_menkaure,
          uniq_robin
D:5:      layout_gridville, kennysheep_little_box,
          minmay_temple_entry_overgrown, enter_ossuary_4,
          kennysheep_generic_room_8
Temple:   eino_temple_lava
Ossuary:  ossuary_tomb_1

Skill      XL: |  1  2  3  4  5  6  7 |
---------------+----------------------+-----
Dodging        | 3 4 |  4.7
Evocations     | 1 2 3 |  3.5
Spellcasting   | 3 4 |  4.5
Fighting       | 1 2 |  2.6
Stealth        | 5 6 |  6.8
Hexes          | 4 5 |  5.1
Short Blades   | 2 3 |  3.6

Action                     |  1- 3 |  4- 6 |  7- 9 || total
---------------------------+-------+-------+-------++-------
  Melee: Dagger            |    92 |   126 |       ||   218
         Punch             |       |     4 |     2 ||     6
         Short sword       |       |    13 |   188 ||   201
   Cast: Ensorcelled Hiber |    12 |    44 |     4 ||    60
         Confusing Touch   |       |       |    14 ||    14
    Use: Scroll            |     3 |     8 |       ||    11
         Potion            |       |       |     2 ||     2
   Stab: Sleeping          |    12 |    34 |     3 ||    49
         Distracted        |       |     1 |       ||     1
         Confused          |       |       |     8 ||     8
 Armour: Robe              |    20 |    44 |       ||    64
         Animal skin       |       |     5 |    77 ||    82
         Skin              |       |       |   152 ||   152
  Dodge: Dodged            |    82 |   125 |   221 ||   428
